 Dungeon Crawl Stone Soup version 0.30-a0-715-gdb4ae3ece1 (webtiles) character file.

Game seed: 11802676154321944613

73 Laze the Chiller (level 4, -2/31 HPs)
             Began as a Merfolk Ice Elementalist on Jan 24, 2023.
             Slain by a gnoll
             ... wielding a +0 halberd
              (8 damage)
             ... on level 2 of the Dungeon.
             The game lasted 00:05:15 (1168 turns).

Laze the Chiller (Merfolk Ice Elementalist)         Turns: 1168, Time: 00:05:16

Health: -2/31      AC:  5    Str:  8    XL:     4   Next: 27%
Magic:  2/8        EV: 12    Int: 16    God:
Gold:   65         SH:  0    Dex: 14    Spells: 7/8 levels left

rFire   . . .      SeeInvis .    n - +0 falchion
rCold   . . .      Faith    .    (no shield)
rNeg    . . .      Spirit   .    a - +0 robe
rPois   .          Reflect  .    h - +2 helmet
rElec   .          Harm     .    (no cloak)
rCorr   .          Rampage  .    (no gloves)
Will    .....                    (no boots)
Stlth   ++                       (no amulet)
HPRegen 0.25/turn                (no ring)
MPRegen 0.11/turn                (no ring)

@: no status effects
A: (nimble swimmer 2), mertail
a: no special abilities


You were on level 2 of the Dungeon.
You visited 1 branch of the dungeon, and saw 2 of its levels.

You collected 65 gold pieces.

Inventory:

Hand Weapons
 n - a +0 falchion (weapon)
Missiles
 e - 6 javelins
Armour
 a - a +0 robe (worn)
 h - a +2 helmet (worn)
Jewellery
 g - an amulet of magic regeneration
Wands
 c - a wand of mindburst (17)
 l - a wand of acid (2)
Scrolls
 d - a scroll of poison {unknown}
 f - 2 scrolls of identify {unknown}
 i - a scroll of teleportation {unknown}
 k - a scroll of fear {unknown}
 o - 2 scrolls of fog {unknown}
Potions
 b - a potion of magic
 j - a potion of berserk rage {unknown}
 m - a potion of haste {unknown}


   Skills:
 + Level 0.3 Fighting
 + Level 1.0 Long Blades
 + Level 2.8 Dodging
 + Level 2.7 Stealth
 + Level 2.9 Spellcasting
 + Level 5.0 Ice Magic


You had 7 spell levels left.
You knew the following spells:

 Your Spells              Type           Power      Damage    Failure   Level
a - Freeze                Ice            72%        1d8       2%          1

Your spell library contained the following spells:

 Spells                   Type           Power      Damage    Failure   Level
 Frozen Ramparts          Ice            36%        1d6       7%          3
 Ozocubu's Armour         Ice            18%        N/A       7%          3
 Slow                     Hex            8%         N/A       19%         1
 Cigotuvi's Dreadful Rot  Necr/Pois/Air  4%         N/A       28%         2
 Poisonous Vapours        Pois/Air       4%         N/A       28%         2
 Confusing Touch          Hex            2%         N/A       50%         3
 Mephitic Cloud           Conj/Pois/Air  2%         N/A       50%         3
 Vampiric Draining        Necr           2%         2d6       50%         3
 Summon Ice Beast         Ice/Summ       10%        N/A       54%         4


Dungeon Overview and Level Annotations

Branches:
Dungeon (2/15)

Altars:


Innate Abilities, Weirdness & Mutations

((You are very nimble when in or above water. (Stealth+, EV+, Speed+++)))
Your lower body shifts to a powerful aquatic tail in water.


Message History

You freeze the gnoll.
The gnoll is almost dead.
The giant cockroach bites you but does no damage.
The gnoll hits you with a +0 halberd! The gnoll barely misses you.
Casting: Freeze (safe; 2% risk of failure)
Confirm with . or Enter, or press ? or * to list all spells.
Aiming: Freeze (safe; 2% risk of failure)
Press: ? - help, Shift-Dir - straight line, f/p - gnoll
Aim: a gnoll, wielding a +0 whip (almost dead)
You freeze the gnoll!
You kill the gnoll!
The giant cockroach bites you but does no damage.
The gnoll misses you.
Casting: Freeze (safe; 2% risk of failure)
Confirm with . or Enter, or press ? or * to list all spells.
Aiming: Freeze (safe; 2% risk of failure)
Press: ? - help, Shift-Dir - straight line, f - giant cockroach
Aim: a giant cockroach You freeze the giant cockroach.
You kill the giant cockroach!
The giant cockroach closely misses you.
The giant cockroach bites you but does no damage.
The gnoll barely misses you.
Casting: Freeze (safe; 2% risk of failure)
Confirm with . or Enter, or press ? or * to list all spells.
Aiming: Freeze (safe; 2% risk of failure)
Press: ? - help, Shift-Dir - straight line, f - giant cockroach
Aim: a giant cockroach You freeze the giant cockroach!
You kill the giant cockroach!
The giant cockroach bites you but does no damage.
The gnoll hits you with a +0 halberd.
* * * LOW HITPOINT WARNING * * *
The giant cockroach barely misses you.
You hit the gnoll.
The gnoll is moderately wounded.
The giant cockroach closely misses you. The giant cockroach bites you.
* * * LOW HITPOINT WARNING * * *
The gnoll hits you with a +0 halberd!
You die...

#...#.......#.##.#
###.#.......#....#
#B#.......######
#.#.......#
#######B#######.#
.........######.#
.......B.#...##.#
.........#...[..#
.........#B@†.###
.........'gB..#
.........#..<####
..............)..#
.................#
....................
....................
.################...
...


You could see a gnoll and 2 giant cockroaches.

Vanquished Creatures
  2 gnolls (D:2)
  2 adders (D:2)
  A dart slug (D:1)
  2 ball pythons
  2 endoplasms (D:1)
  5 giant cockroaches
  5 goblins (D:1)
  4 hobgoblins
  A quokka (D:1)
  2 bats
  A frilled lizard (D:1)
  2 kobolds (D:1)
  A rat (D:2)
30 creatures vanquished.

Notes
Turn   | Place    | Note
-------+----------+-------------------------------------------
     0 | D:1      | Laze the Merfolk Ice Elementalist began the quest for the
                  | Orb.
     0 | D:1      | Reached XP level 1. HP: 13/13 MP: 3/3
   172 | D:1      | Reached XP level 2. HP: 12/19 MP: 0/5
   345 | D:1      | Found a faded altar of an unknown god.
   722 | D:2      | Reached XP level 3. HP: 21/24 MP: 2/6
   837 | D:2      | Reached skill level 5 in Ice Magic
   881 | D:2      | Reached skill level 1 in Long Blades
   910 | D:1      | Reached XP level 4. HP: 10/30 MP: 5/8
  1168 | D:2      | Slain by a gnoll

Illustrated notes

Levels and vault maps discovered:
D:1:      nzn_arrival_settlement, layout_rooms,
          hellmonk_ecumenical_altar_pennies_from_heaven, minivault_23
D:2:      minmay_roachtagon, layout_basic, uniq_terence

Skill      XL: |  1  2  3 |
---------------+----------+-----
Ice Magic      | 5 |  5.0
Long Blades    | 1 |  1.0
Fighting       | |  0.3
Dodging        | |  2.8
Stealth        | |  2.7
Spellcasting   | |  2.9

Action                     |  1- 3 |  4- 6 || total
---------------------------+-------+-------++-------
  Melee: Unarmed           |    13 |       ||    13
         Dagger            |     2 |       ||     2
         Rapier            |    18 |       ||    18
         Falchion          |    27 |     1 ||    28
         Punch             |     3 |       ||     3
   Cast: Freeze            |    30 |     9 ||    39
   Stab: Sleeping          |     1 |       ||     1
 Armour: Robe              |    36 |     5 ||    41
  Dodge: Dodged            |    85 |     9 ||    94

Table legend: (Time is in decaauts)
 A = Elapsed time spent in this place.
 B = Non-inter-level travel time spent in this place.
 C = Inter-level travel time spent in this place.
 D = Time resting spent in this place.
 E = Time spent auto-exploring this place.
 F = Levels seen in this place.
 G = Mean time per level.
                   A        B        C        D        E       F      G
               +--------+--------+--------+--------+--------+-----+--------+
         Total |   1174 |   1121 |     53 |    169 |    683 |   2 |  587.0 |
       Dungeon |   1174 |   1121 |     53 |    169 |    683 |   2 |  587.0 |
               +--------+--------+--------+--------+--------+-----+--------+

Top non-repeatable levels by time:
     D:1: 749 daAuts
     D:2: 425 daAuts
